[Event "42nd Olympiad Baku 2016 Women"]
[Site "Baku"]
[Date "2016.09.05"]
[Round "4.19"]
[White "Joao, Delfina"]
[Black "Al-Mahmoud, Rola"]
[Result "0-1"]
[ECO "B43"]
[WhiteElo "1659"]
[BlackElo "1684"]
[Annotator ""]
[PlyCount "34"]
[EventDate "2016.??.??"]
[EventCountry "AZE"]
[SourceTitle "playchess.com"]
[Source "ChessBase"]
[WhiteTeam "Angola"]
[BlackTeam "Syria"]
[WhiteTeamCountry "ANG"]
[BlackTeamCountry "SYR"]
[TimeControl "40/5400+30:1800+30"]

1. e4 {(00:00)} c5 {(00:00)} 2. Nf3 {(00:00)} e6 {(
00:00)} 3. d4 {(00:00)} cxd4 {(00:00)} 4. Nxd4 {(00:02)}
a6 {(00:14)} 5. Nc3 {(00:59)} Qc7 {(00:16)} 6. a3 {
(03:43)} Nf6 {(00:36)} 7. Be2 {(02:11)} Be7 {(03:
04)} 8. Be3 {(03:25)} O-O {(03:01)} 9. Qd2 {(01:00)} d6 {
(01:20)} 10. f3 {(07:14)} Nc6 {(01:45)} 11. g4 {(
04:18)} Rd8 {(04:32)} 12. g5 {(13:20)} Ne8 {(02:28)} 13.
O-O-O {(01:28)} b5 {(05:23)} 14. Nb3 {(04:37)} b4 {
(02:26)} 15. axb4 {(07:02)} Nxb4 {(01:53)} 16. Na4 {
(00:59)} Rb8 {(00:28)} 17. Qc3 {(01:26)} Na2+ {(00:
17)} 0-1

[Event "42nd Olympiad Baku 2016 Women"]
[Site "Baku"]
[Date "2016.09.05"]
[Round "4.32"]
[White "Jorge, Rita Maria Osorio"]
[Black "Bhatia, Kanwal K"]
[Result "1-0"]
[ECO "C79"]
[WhiteElo "1791"]
[BlackElo "2133"]
[Annotator ""]
[PlyCount "115"]
[EventDate "2016.??.??"]
[EventCountry "AZE"]
[SourceTitle "playchess.com"]
[Source "ChessBase"]
[WhiteTeam "Portugal"]
[BlackTeam "England"]
[WhiteTeamCountry "POR"]
[BlackTeamCountry "ENG"]
[TimeControl "40/5400+30:1800+30"]

1. e4 {(00:00)} e5 {(00:00)} 2. Nf3 {(00:00)} Nc6 {
(00:00)} 3. Bb5 {(00:00)} a6 {(00:00)} 4. Ba4 {(00:
00)} Nf6 {(00:00)} 5. O-O {(00:25)} d6 {(00:08)} 6. c3 {
(02:48)} Nxe4 {(11:09)} 7. d4 {(07:16)} Bd7 {(14:
53)} 8. Re1 {(12:50)} d5 {(02:03)} 9. dxe5 {(31:16)} Bg4 {
(08:42)} 10. Bb3 {(03:52)} Be6 {(27:01)} 11. Be3 {(
08:11)} Qd7 {(09:36)} 12. Nbd2 {(09:28)} Nc5 {(08:14)} 13.
Bc2 {(01:11)} Bf5 {(00:26)} 14. Nf1 {(05:03)} Bxc2 {
(01:25)} 15. Qxc2 {(00:14)} Ne6 {(00:42)} 16. Rad1 {
(02:36)} Ne7 {(01:54)} 17. c4 {(02:29)} c6 {(00:18]
} 18. Ng3 {(02:12)} Qc7 {(03:39)} 19. b3 {(03:35)} h5 {
(00:54)} 20. h4 {(04:04)} g6 {(01:41)} 21. Bg5 {(
00:58)} O-O-O {(02:14)} 22. cxd5 {(01:10)} Rxd5 {(00:24)}
23. Ne4 {(00:41)} Rxd1 {(01:22)} 24. Rxd1 {(00:10)} Nd5 {
(00:07)} 25. Nf6 {(01:06)} Nxf6 {(00:40)} 26. Bxf6 {
(00:25)} Rg8 {(00:38)} 27. Ng5 {(00:27)} Bg7 {(03:
42)} 28. Nxe6 {(00:46)} fxe6 {(00:03)} 29. Qxg6 {(00:23)}
Kb8 {(01:09)} 30. Bxg7 {(00:40)} Rxg7 {(00:15)} 31. Qxh5 {
(00:38)} Ka7 {(00:13)} 32. Qe2 {(00:23)} Qe7 {(00:
28)} 33. Qe3+ {(00:24)} b6 {(00:42)} 34. Qe4 {(00:32)} Qc5
{(01:09)} 35. Qd4 {(00:34)} Qa5 {(00:38)} 36. Rd2 {
(00:30)} Qd5 {(00:50)} 37. g3 {(00:22)} Rf7 {(00:
34)} 38. Qxd5 {(00:29)} cxd5 {(00:04)} 39. f4 {(00:24)}
Kb7 40. h5 {(00:00)} Kc6 {(00:00)} 41. Kf2 {(05:47)} Rf5 {
(01:55)} 42. g4 {(09:18)} Rxf4+ {(00:05)} 43. Kg3 {
(00:05)} Rf8 {(05:29)} 44. h6 {(01:06)} Kd7 {(04:
00)} 45. g5 {(03:19)} Ke7 {(02:48)} 46. h7 {(01:28)} Rh8 {
(01:06)} 47. Rh2 {(09:13)} Kf8 {(01:20)} 48. Rh6 {(
00:43)} b5 {(05:21)} 49. Rf6+ {(01:31)} Kg7 {(00:53)} 50.
Rxe6 {(00:47)} a5 {(03:08)} 51. g6 {(01:29)} a4 {(
01:27)} 52. Kg4 {(00:52)} Kh6 {(03:17)} 53. Kf5 {(01:22)}
axb3 {(00:55)} 54. axb3 {(00:02)} Rd8 {(01:13)} 55. Rd6 {
(00:38)} Rf8+ {(00:21)} 56. Ke6 {(01:01)} d4 {(01:
22)} 57. Ke7 {(00:21)} Kg7 {(01:00)} 58. Rxd4 {(00:21)}
1-0

[Event "42nd Olympiad Baku 2016 Women"]
[Site "Baku"]
[Date "2016.09.05"]
[Round "4.27"]
[White "Jose Polanco, Kenia"]
[Black "Biryukov, Alice"]
[Result "0-1"]
[ECO "D05"]
[WhiteElo "1923"]
[BlackElo "1898"]
[Annotator ""]
[PlyCount "68"]
[EventDate "2016.??.??"]
[EventCountry "AZE"]
[SourceTitle "playchess.com"]
[Source "ChessBase"]
[WhiteTeam "Dominican Republic"]
[BlackTeam "Luxembourg"]
[WhiteTeamCountry "DOM"]
[BlackTeamCountry "LUX"]
[TimeControl "40/5400+30:1800+30"]

1. d4 {(00:00)} Nf6 {(00:00)} 2. Nf3 {(00:00)} d5 {
(00:02)} 3. e3 {(00:00)} c5 {(00:23)} 4. b3 {(01:
12)} e6 {(05:58)} 5. Bd3 {(01:52)} Nbd7 {(02:02)} 6. O-O {
(00:17)} Bd6 {(03:43)} 7. Bb2 {(00:29)} O-O {(00:
41)} 8. Nbd2 {(01:06)} b6 {(05:21)} 9. Ne5 {(04:03)} Qc7 {
(05:26)} 10. f4 {(02:59)} Bb7 {(04:19)} 11. Qf3 {(
02:04)} c4 {(06:31)} 12. bxc4 {(10:02)} dxc4 {(00:23)} 13.
Be4 {(01:00)} Nxe4 {(01:20)} 14. Nxe4 {(09:42)} f5 {
(02:00)} 15. Nxd7 {(04:36)} Bxe4 {(03:41)} 16. Qe2 {
(08:10)} Qxd7 {(00:55)} 17. Bc3 {(01:32)} Qa4 {(02:
37)} 18. Rf2 {(01:21)} Bd5 {(06:43)} 19. h3 {(02:31)} Qd7
{(05:00)} 20. g4 {(00:35)} Qe7 {(04:10)} 21. g5 {(
01:52)} b5 {(04:14)} 22. Be1 {(01:33)} a5 {(05:01)} 23. h4
{(02:46)} b4 {(04:32)} 24. h5 {(00:47)} a4 {(09:20]
} 25. Rh2 {(03:49)} b3 {(04:58)} 26. c3 {(10:18)} a3 {
(01:13)} 27. axb3 {(06:47)} cxb3 {(00:23)} 28. c4 {
(00:22)} b2 {(01:51)} 29. Rd1 {(00:43)} Be4 {(00:
35)} 30. c5 {(00:53)} Bc7 {(00:42)} 31. d5 {(04:49)} exd5
{(00:46)} 32. Qd2 {(00:28)} Rfb8 {(02:24)} 33. Rb1 {
(02:54)} a2 {(02:01)} 34. Rxb2 {(02:33)} Rxb2 {(00:
58)} 0-1

[Event "42nd Olympiad Baku 2016 Women"]
[Site "Baku"]
[Date "2016.09.05"]
[Round "4.2"]
[White "Ju, Wenjun"]
[Black "Rogule, Laura"]
[Result "1-0"]
[ECO "D35"]
[WhiteElo "2583"]
[BlackElo "2306"]
[Annotator ""]
[PlyCount "89"]
[EventDate "2016.??.??"]
[EventCountry "AZE"]
[SourceTitle "playchess.com"]
[Source "ChessBase"]
[WhiteTeam "China"]
[BlackTeam "Latvia"]
[WhiteTeamCountry "CHN"]
[BlackTeamCountry "LAT"]
[TimeControl "40/5400+30:1800+30"]

1. d4 {(00:00)} d5 {(00:00)} 2. c4 {(00:03)} e6 {(
00:00)} 3. Nc3 {(00:20)} Nf6 {(00:05)} 4. cxd5 {(00:49)}
exd5 {(00:12)} 5. Bg5 {(00:04)} c6 {(01:59)} 6. e3 {
(00:15)} Be7 {(00:43)} 7. Bd3 {(00:23)} Nbd7 {(01:
03)} 8. Nge2 {(04:37)} O-O {(03:33)} 9. O-O {(01:22)} Re8
{(00:23)} 10. Qc2 {(03:09)} Nf8 {(00:52)} 11. f3 {(
09:06)} g6 {(02:24)} 12. Rae1 {(02:21)} b6 {(09:55)} 13.
Kh1 {(05:26)} Ne6 {(06:40)} 14. Bh4 {(04:53)} Bb7 {
(02:28)} 15. Rd1 {(01:17)} Rc8 {(03:49)} 16. h3 {(
04:00)} Nd7 {(16:34)} 17. Bf2 {(02:20)} c5 {(07:06)} 18.
dxc5 {(00:50)} bxc5 {(00:50)} 19. Bb5 {(03:11)} Nc7 {
(00:32)} 20. Ba4 {(08:32)} Rf8 {(05:20)} 21. Bxd7 {
(06:22)} Qxd7 {(00:10)} 22. Nxd5 {(02:11)} Nxd5 {(
06:56)} 23. e4 {(00:16)} Rfd8 {(03:17)} 24. Nc3 {(04:08)}
Qe6 {(06:34)} 25. exd5 {(00:30)} Qa6 {(01:26)} 26. Rfe1 {
(01:49)} Bf8 {(03:43)} 27. a3 {(04:18)} Rd7 {(00:
53)} 28. Bh4 {(01:11)} h6 {(02:49)} 29. Re2 {(11:08)} g5 {
(04:10)} 30. Bf2 {(00:18)} Rcd8 {(00:34)} 31. Red2 {
(00:49)} c4 {(02:47)} 32. Qf5 {(02:45)} Bg7 {(02:
00)} 33. Bd4 {(00:21)} Bxd4 {(05:02)} 34. Rxd4 {(00:03)}
Kg7 {(00:27)} 35. d6 {(02:26)} Bc6 {(01:31)} 36. h4 {
(00:47)} f6 {(00:12)} 37. h5 {(00:15)} Qb7 {(00:44]
} 38. Qg6+ {(00:21)} Kh8 {(00:26)} 39. Qxh6+ {(02:49)} Kg8
{(00:03)} 40. Qxf6 {(00:00)} Rf8 {(00:00)} 41. Qe6+ {
(03:10)} Kh8 {(01:07)} 42. Qh6+ {(01:07)} Kg8 {(00:
05)} 43. Nd5 {(00:03)} Rh7 {(01:29)} 44. Nf6+ {(00:26)}
Rxf6 {(00:20)} 45. Qxf6 {(00:03)} 1-0

[Event "42nd Olympiad Baku 2016 Women"]
[Site "Baku"]
[Date "2016.09.05"]
[Round "4.28"]
[White "Kakulidis, Ellen"]
[Black "Ui Laighleis, Gearoidin"]
[Result "1-0"]
[ECO "D02"]
[WhiteElo "1928"]
[BlackElo "1795"]
[Annotator ""]
[PlyCount "83"]
[EventDate "2016.??.??"]
[EventCountry "AZE"]
[SourceTitle "playchess.com"]
[Source "ChessBase"]
[WhiteTeam "Denmark"]
[BlackTeam "Ireland"]
[WhiteTeamCountry "DEN"]
[BlackTeamCountry "IRL"]
[TimeControl "40/5400+30:1800+30"]

1. d4 {(00:00)} d5 {(00:00)} 2. Nf3 {(00:00)} e6 {(
00:00)} 3. g3 {(00:00)} Nf6 {(00:25)} 4. Bg2 {(00:04)} Be7
{(00:24)} 5. O-O {(00:09)} O-O {(00:22)} 6. c4 {(
00:09)} c6 {(01:09)} 7. Qc2 {(00:37)} Re8 {(00:48)} 8.
Nbd2 {(04:08)} Nbd7 {(00:49)} 9. e4 {(05:45)} Nxe4 {
(10:41)} 10. Nxe4 {(00:50)} dxe4 {(00:19)} 11. Qxe4 {
(00:07)} Nf6 {(06:05)} 12. Qc2 {(06:17)} Bd7 {(19:
05)} 13. c5 {(06:05)} Nd5 {(08:47)} 14. h4 {(10:40)} Bf6 {
(08:11)} 15. Bg5 {(03:13)} h6 {(04:34)} 16. Bxf6 {(
01:42)} Nxf6 {(00:20)} 17. Ne5 {(02:52)} Nd5 {(07:26)} 18.
Nc4 {(06:01)} Bc8 {(03:35)} 19. Nd6 {(04:17)} Re7 {
(00:21)} 20. Rfe1 {(01:16)} Nf6 {(03:04)} 21. Rad1 {
(03:09)} Rd7 {(00:51)} 22. Qd3 {(09:08)} Nd5 {(06:
24)} 23. a3 {(09:20)} Nf6 {(00:18)} 24. b4 {(01:54)} Ne8 {
(04:32)} 25. Nc4 {(01:37)} Nf6 {(00:26)} 26. a4 {(
01:28)} Nd5 {(04:58)} 27. b5 {(02:18)} Rc7 {(02:14)} 28.
bxc6 {(08:43)} bxc6 {(00:41)} 29. Nd6 {(00:38)} Nf6 {
(01:03)} 30. Rb1 {(00:57)} Nd5 {(00:50)} 31. Rb2 {(
01:41)} a5 {(00:15)} 32. Bxd5 {(00:23)} cxd5 {(00:17)} 33.
Nxc8 {(06:04)} Qxc8 {(01:12)} 34. Rb5 {(01:59)} Rc6 {
(02:07)} 35. Qc3 {(00:26)} Rca6 {(00:19)} 36. Reb1 {
(00:32)} Qd7 {(01:03)} 37. Rb8+ {(01:15)} Rxb8 {(
00:55)} 38. Rxb8+ {(00:05)} Kh7 {(00:08)} 39. Qd3+ {(00:
07)} g6 {(00:20)} 40. Qxa6 {(00:00)} Qxa4 {(00:00)} 41.
Qc8 {(00:43)} Qd1+ {(04:07)} 42. Kh2 {(00:33)} 1-0

[Event "42nd Olympiad Baku 2016 Women"]
[Site "Baku"]
[Date "2016.09.05"]
[Round "4.8"]
[White "Kaslan, Alexandra"]
[Black "Zienab mustafa mansour"]
[Result "1-0"]
[ECO "A40"]
[WhiteElo "1474"]
[BlackElo "1195"]
[Annotator ""]
[PlyCount "103"]
[EventDate "2016.??.??"]
[EventCountry "AZE"]
[SourceTitle "playchess.com"]
[Source "ChessBase"]
[WhiteTeam "Surinam"]
[BlackTeam "Sudan"]
[WhiteTeamCountry "SUR"]
[BlackTeamCountry "SUD"]
[TimeControl "40/5400+30:1800+30"]

1. d4 {(00:00)} g6 {(00:00)} 2. Nf3 {(00:00)} Bg7 {
(00:00)} 3. c4 {(00:00)} c5 {(00:39)} 4. Nc3 {(01:
15)} cxd4 {(01:53)} 5. Nxd4 {(00:58)} Qb6 {(01:34)} 6. e3
{(02:37)} Nc6 {(01:12)} 7. Na4 {(04:57)} Qd8 {(04:
19)} 8. Be2 {(02:05)} Nf6 {(01:39)} 9. O-O {(00:39)} O-O {
(01:32)} 10. Rb1 {(04:26)} d6 {(05:04)} 11. Bf3 {(
04:06)} Nxd4 {(03:14)} 12. exd4 {(00:29)} Bf5 {(01:37)}
13. Ra1 {(03:06)} Rb8 {(01:49)} 14. Nc3 {(00:21)} Qd7 {
(01:48)} 15. Re1 {(04:36)} Bg4 {(02:22)} 16. Bxg4 {
(02:21)} Qxg4 {(01:26)} 17. Qxg4 {(01:15)} Nxg4 {(
00:11)} 18. h3 {(00:22)} Nh6 {(01:34)} 19. Bxh6 {(00:38)}
Bxh6 {(00:21)} 20. Rxe7 {(00:39)} Rfe8 {(01:05)} 21. Rae1
{(00:59)} Kf8 {(01:02)} 22. Rxe8+ {(03:56)} Rxe8 {(
00:11)} 23. Rxe8+ {(00:33)} Kxe8 {(00:05)} 24. Nb5 {(00:
24)} Kd7 {(03:05)} 25. Nxa7 {(00:41)} d5 {(00:31)} 26. c5
{(03:04)} Bg7 {(01:01)} 27. Nb5 {(00:22)} Kc6 {(00:
58)} 28. a4 {(00:29)} Bxd4 {(04:12)} 29. Nxd4+ {(00:38)}
Kxc5 {(00:14)} 30. Nc2 {(02:07)} d4 {(03:40)} 31. Kf1 {
(03:40)} d3 {(03:09)} 32. Ne3 {(00:27)} Kd4 {(01:
50)} 33. Ke1 {(00:40)} f5 {(01:10)} 34. Kd2 {(00:47)} f4 {
(00:22)} 35. Nd1 {(05:28)} g5 {(02:20)} 36. b3 {(
00:45)} h5 {(02:01)} 37. Nb2 {(00:34)} b6 {(07:59)} 38.
Nxd3 {(00:16)} Ke4 {(02:12)} 39. Ne1 {(02:24)} Kf5 {
(04:33)} 40. Kc3 {(00:00)} Ke4 {(00:00)} 41. Kc4 {(
01:23)} Ke5 {(21:08)} 42. Kb5 {(00:23)} Kd4 {(00:39)} 43.
Nf3+ {(00:54)} Kd3 {(01:31)} 44. Nxg5 {(04:40)} Ke2 {
(01:53)} 45. Ne4 {(00:39)} Kd3 {(01:03)} 46. f3 {(
00:35)} Ke2 {(00:20)} 47. Nf6 {(00:53)} Kf2 {(02:08)} 48.
Nxh5 {(00:14)} Kxg2 {(00:15)} 49. Nxf4+ {(00:10)} Kxf3 {
(00:14)} 50. Nd5 {(00:11)} Kg3 {(00:20)} 51. Kxb6 {
(00:08)} Kxh3 {(00:09)} 52. a5 {(00:06)} 1-0

[Event "42nd Olympiad Baku 2016 Women"]
[Site "Baku"]
[Date "2016.09.05"]
[Round "4.15"]
[White "Kazarian, Anna-Maja"]
[Black "Stojanovic, Marija R"]
[Result "1-0"]
[ECO "C05"]
[WhiteElo "2231"]
[BlackElo "2127"]
[Annotator ""]
[PlyCount "81"]
[EventDate "2016.??.??"]
[EventCountry "AZE"]
[SourceTitle "playchess.com"]
[Source "ChessBase"]
[WhiteTeam "Netherlands"]
[BlackTeam "Montenegro"]
[WhiteTeamCountry "NED"]
[BlackTeamCountry "MNE"]
[TimeControl "40/5400+30:1800+30"]

1. e4 {(00:00)} e6 {(00:05)} 2. d4 {(00:00)} d5 {(
00:19)} 3. Nd2 {(00:00)} Nf6 {(08:09)} 4. e5 {(00:00)}
Nfd7 {(00:03)} 5. Bd3 {(00:04)} c5 {(00:32)} 6. c3 {
(00:05)} cxd4 {(03:35)} 7. cxd4 {(00:07)} Qb6 {(00:
19)} 8. Ne2 {(00:24)} Nc6 {(00:36)} 9. Nf3 {(00:07)} Be7 {
(04:21)} 10. O-O {(01:41)} f6 {(13:57)} 11. Nf4 {(
08:02)} Nb4 {(08:57)} 12. Bb1 {(01:50)} fxe5 {(17:13)} 13.
Nxe5 {(02:33)} Nxe5 {(06:36)} 14. dxe5 {(00:11)} g6 {
(01:57)} 15. Bxg6+ {(07:04)} hxg6 {(05:04)} 16. Nxg6 {
(00:10)} Rh7 {(01:27)} 17. Nxe7 {(00:58)} Kxe7 {(
01:23)} 18. Bg5+ {(00:49)} Kd7 {(01:28)} 19. Qb1 {(02:53)}
Rf7 {(02:52)} 20. Bf6 {(02:37)} Nc6 {(03:56)} 21. Qg6 {
(03:09)} Ke8 {(00:16)} 22. h4 {(00:54)} Qb4 {(02:
56)} 23. h5 {(01:56)} Ne7 {(01:55)} 24. Qg5 {(01:15)} Qe4
{(01:58)} 25. Rac1 {(02:38)} Qh7 {(01:24)} 26. g4 {
(07:52)} Ng8 {(02:10)} 27. f4 {(11:15)} Bd7 {(01:
42)} 28. Qh4 {(02:05)} Qe4 {(01:22)} 29. g5 {(02:33)} Bb5
{(00:25)} 30. g6 {(04:00)} Rd7 {(00:17)} 31. Rfe1 {
(01:08)} Qf5 {(00:22)} 32. Qg5 {(01:01)} Bd3 {(00:
39)} 33. Rc3 {(20:28)} d4 {(00:44)} 34. Rxd3 {(08:44)}
Qxd3 {(00:06)} 35. f5 {(00:04)} Qxf5 {(00:39)} 36. h6 {
(00:59)} Ne7 {(02:38)} 37. Qxf5 {(04:25)} exf5 {(
00:32)} 38. e6 {(00:16)} Nxg6 {(02:41)} 39. exd7+ {(00:10]
} Kxd7 {(00:06)} 40. Bxd4 {(00:00)} b6 {(00:00)} 41. Kf2 {
(01:22)} 1-0

[Event "42nd Olympiad Baku 2016 Women"]
[Site "Baku"]
[Date "2016.09.05"]
[Round "4.27"]
[White "Khotenashvili, Bela"]
[Black "Sherif, Amina"]
[Result "1-0"]
[ECO "A41"]
[WhiteElo "2463"]
[BlackElo "2028"]
[Annotator ""]
[PlyCount "77"]
[EventDate "2016.??.??"]
[EventCountry "AZE"]
[SourceTitle "playchess.com"]
[Source "ChessBase"]
[WhiteTeam "Georgia"]
[BlackTeam "Egypt"]
[WhiteTeamCountry "GEO"]
[BlackTeamCountry "EGY"]
[TimeControl "40/5400+30:1800+30"]

1. d4 {(00:00)} g6 {(00:00)} 2. c4 {(00:20)} Bg7 {(
00:00)} 3. Nc3 {(00:05)} d6 {(00:00)} 4. g3 {(01:58)} e5 {
(05:56)} 5. dxe5 {(01:11)} dxe5 {(04:58)} 6. Qxd8+ {
(00:11)} Kxd8 {(00:07)} 7. Bg5+ {(01:13)} f6 {(00:
43)} 8. O-O-O+ {(00:29)} Nd7 {(01:03)} 9. Bd2 {(05:06)}
Bh6 {(21:16)} 10. f4 {(12:46)} exf4 {(04:52)} 11. gxf4 {
(02:56)} f5 {(11:45)} 12. e4 {(09:56)} fxe4 {(11:
50)} 13. Nxe4 {(00:31)} Ngf6 {(10:37)} 14. Ng5 {(01:47)}
Bxg5 {(00:32)} 15. fxg5 {(00:02)} Ng4 {(01:18)} 16. Nh3 {
(02:22)} Re8 {(02:30)} 17. Bg2 {(21:28)} Ne3 {(01:
40)} 18. Bxe3 {(00:22)} Rxe3 {(00:05)} 19. Nf4 {(07:42)}
c6 {(02:54)} 20. h4 {(00:07)} Kc7 {(01:53)} 21. Rhe1 {
(03:41)} Rxe1 {(03:05)} 22. Rxe1 {(00:02)} Nb6 {(
01:31)} 23. Re7+ {(04:05)} Kd6 {(01:42)} 24. Rxh7 {(00:02]
} Bf5 {(00:50)} 25. b3 {(06:18)} Nd7 {(00:42)} 26. Rg7 {
(00:50)} Ne5 {(02:05)} 27. h5 {(06:21)} gxh5 {(00:
54)} 28. Nxh5 {(02:07)} Rh8 {(01:51)} 29. Ng3 {(00:07)}
Bg6 {(05:51)} 30. Ne4+ {(00:25)} Ke6 {(00:25)} 31. Nc5+ {
(00:13)} Kf5 {(00:44)} 32. Be4+ {(00:30)} Kxg5 {(
00:10)} 33. Bxg6 {(00:29)} Nxg6 {(00:06)} 34. Rxb7 {(00:
22)} Rh1+ {(01:32)} 35. Kb2 {(00:22)} Rh2+ {(00:16)} 36.
Ka3 {(00:08)} Ne5 {(00:51)} 37. Rxa7 {(00:43)} Rh3 {
(00:31)} 38. Kb4 {(00:27)} Kf5 {(00:56)} 39. a4 {(
01:05)} 1-0

[Event "42nd Olympiad Baku 2016 Women"]
[Site "Baku"]
[Date "2016.09.05"]
[Round "4.16"]
[White "Kouvatsou, Maria"]
[Black "Stoeri, Laura"]
[Result "1/2-1/2"]
[ECO "C55"]
[WhiteElo "2085"]
[BlackElo "2084"]
[Annotator ""]
[PlyCount "109"]
[EventDate "2016.??.??"]
[EventCountry "AZE"]
[SourceTitle "playchess.com"]
[Source "ChessBase"]
[WhiteTeam "Greece"]
[BlackTeam "Switzerland"]
[WhiteTeamCountry "GRE"]
[BlackTeamCountry "SUI"]
[TimeControl "40/5400+30:1800+30"]

1. e4 {(00:00)} e5 {(00:00)} 2. Nf3 {(00:00)} Nc6 {
(00:00)} 3. Bc4 {(00:00)} Nf6 {(00:00)} 4. d3 {(00:
29)} Be7 {(00:00)} 5. Bb3 {(01:19)} O-O {(00:35)} 6. Bg5 {
(04:47)} d6 {(02:48)} 7. c3 {(01:27)} Nd7 {(15:44)}
8. Be3 {(08:22)} Na5 {(03:46)} 9. Bc2 {(01:01)} c5 {
(05:37)} 10. Nbd2 {(07:42)} b5 {(10:58)} 11. Nf1 {(
08:11)} Nc6 {(03:34)} 12. Ng3 {(00:27)} Nb6 {(00:30)} 13.
h3 {(06:48)} Be6 {(06:07)} 14. Qe2 {(11:50)} b4 {(
07:24)} 15. O-O {(03:14)} a5 {(00:08)} 16. d4 {(13:50)}
Bc4 {(24:45)} 17. Bd3 {(00:16)} Bxd3 {(00:08)} 18. Qxd3 {
(00:06)} c4 {(02:20)} 19. Qe2 {(02:16)} exd4 {(00:
11)} 20. Nxd4 {(03:31)} Nxd4 {(02:05)} 21. Bxd4 {(00:30)}
Bf6 {(00:07)} 22. Rad1 {(01:11)} Bxd4 {(05:40)} 23. Rxd4 {
(00:26)} Qf6 {(00:09)} 24. Rfd1 {(01:40)} Rfd8 {(
00:06)} 25. Qd2 {(05:37)} bxc3 {(04:00)} 26. Qxc3 {(03:07]
} Qe6 {(05:18)} 27. Nf5 {(00:54)} Na4 {(00:38)} 28. Qa3 {
(02:00)} Nb6 {(00:43)} 29. Rxd6 {(01:23)} Rxd6 {(
00:05)} 30. Rxd6 {(04:07)} Qxe4 {(00:11)} 31. Qxa5 {(00:
47)} g6 {(00:37)} 32. Qxb6 {(04:57)} Qxf5 {(00:33)} 33.
Rd8+ {(00:51)} Rxd8 {(00:04)} 34. Qxd8+ {(00:06)} Kg7 {
(00:01)} 35. Qd4+ {(00:11)} Kg8 {(00:12)} 36. Qd8+ {
(02:31)} Kg7 {(00:05)} 37. Qd4+ {(00:05)} Kg8 {(00:
03)} 38. Qxc4 {(00:17)} Qb1+ {(00:02)} 39. Kh2 {(00:12)}
Qxb2 {(00:10)} 40. Kg1 {(00:00)} Qb1+ {(00:00)} 41. Kh2 {
(03:08)} Qb2 {(00:57)} 42. Kg3 {(00:32)} g5 {(05:
29)} 43. a4 {(11:16)} h5 {(02:40)} 44. Kf3 {(13:03)} Qb7+
{(05:39)} 45. Qe4 {(01:39)} Qb3+ {(00:25)} 46. Qe3 {
(00:44)} Qd5+ {(00:46)} 47. Kg3 {(01:33)} h4+ {(12:
31)} 48. Kg4 {(02:12)} Qxg2+ {(04:25)} 49. Kh5 {(00:22)}
Kf8 {(02:13)} 50. Qc5+ {(02:24)} Ke8 {(00:17)} 51. Qe5+ {
(00:14)} Kf8 {(02:23)} 52. Qh8+ {(00:41)} Ke7 {(00:
03)} 53. Qe5+ {(00:09)} Kf8 {(00:20)} 54. Qd6+ {(00:13)}
Ke8 {(00:26)} 55. Qe5+ {(01:00)} 1/2-1/2

[Event "42nd Olympiad Baku 2016 Women"]
[Site "Baku"]
[Date "2016.09.05"]
[Round "4.16"]
[White "Krpovic, Natasa"]
[Black "Keetman, Maaike"]
[Result "0-1"]
[ECO "B23"]
[WhiteElo "2073"]
[BlackElo "2221"]
[Annotator ""]
[PlyCount "110"]
[EventDate "2016.??.??"]
[EventCountry "AZE"]
[SourceTitle "playchess.com"]
[Source "ChessBase"]
[WhiteTeam "Montenegro"]
[BlackTeam "Netherlands"]
[WhiteTeamCountry "MNE"]
[BlackTeamCountry "NED"]
[TimeControl "40/5400+30:1800+30"]

1. e4 {(00:00)} c5 {(00:00)} 2. Ne2 {(00:00)} Nc6 {
(00:02)} 3. Nbc3 {(00:31)} e6 {(00:11)} 4. d3 {(07:
24)} g6 {(05:33)} 5. g3 {(01:42)} Bg7 {(00:31)} 6. Bg2 {
(00:22)} Nge7 {(00:20)} 7. O-O {(03:06)} O-O {(00:
16)} 8. Be3 {(01:48)} Nd4 {(03:13)} 9. Qd2 {(01:26)} d6 {
(07:58)} 10. Nd1 {(03:55)} Rb8 {(11:12)} 11. c3 {(
04:18)} Nxe2+ {(00:52)} 12. Qxe2 {(00:05)} Nc6 {(02:00)}
13. f4 {(03:18)} Qe7 {(08:54)} 14. Nf2 {(19:58)} Bd7 {
(06:36)} 15. g4 {(05:47)} f5 {(11:49)} 16. Rae1 {(
08:21)} Rfe8 {(04:58)} 17. Nh1 {(08:19)} b5 {(09:59)} 18.
Ng3 {(03:34)} Qf7 {(01:51)} 19. gxf5 {(05:56)} exf5 {
(00:26)} 20. exf5 {(02:59)} gxf5 {(00:08)} 21. Bf3 {
(03:41)} Ne7 {(04:31)} 22. Nh5 {(02:30)} Nd5 {(03:
36)} 23. Bxd5 {(02:06)} Qxd5 {(00:06)} 24. Qg2 {(01:43)}
Qxg2+ {(01:12)} 25. Kxg2 {(00:05)} Bh8 {(02:02)} 26. Kf2 {
(01:15)} b4 {(03:28)} 27. Bd2 {(03:39)} bxc3 {(02:
37)} 28. Bxc3 {(00:16)} Bxc3 {(01:35)} 29. bxc3 {(00:09)}
Rb2+ {(00:06)} 30. Kg1 {(01:42)} Rxe1 {(00:10)} 31. Rxe1 {
(00:05)} Kf7 {(00:05)} 32. Ng3 {(02:51)} Rxa2 {(04:
05)} 33. Re2 {(01:24)} Rxe2 {(01:02)} 34. Nxe2 {(00:05)}
Bb5 {(00:21)} 35. c4 {(01:15)} Bc6 {(00:57)} 36. Kf2 {
(00:45)} a5 {(01:46)} 37. d4 {(00:45)} a4 {(01:36)}
38. dxc5 {(00:52)} dxc5 {(00:29)} 39. Nc1 {(00:37)} Be4 {
(01:11)} 40. Ke3 {(00:00)} Kg6 {(00:00)} 41. Kd2 {(
02:25)} Kh5 {(02:58)} 42. Ne2 {(00:59)} Kg4 {(02:26)} 43.
Nc3 {(02:40)} a3 {(01:15)} 44. Kc1 {(00:26)} Kxf4 {
(00:18)} 45. Na4 {(00:25)} Bd3 {(00:40)} 46. Nxc5 {
(00:15)} Bxc4 {(00:07)} 47. Nd7 {(00:20)} Ke3 {(00:
40)} 48. Nf6 {(00:20)} h6 {(00:11)} 49. h4 {(00:23)} f4 {
(01:19)} 50. Ng4+ {(01:10)} Ke2 {(00:09)} 51. Nxh6 {
(01:41)} Be6 {(00:06)} 52. h5 {(00:19)} f3 {(00:06]
} 53. Ng4 {(00:11)} Bxg4 {(00:09)} 54. h6 {(00:03)} Bf5 {
(00:02)} 55. h7 {(00:03)} f2 {(00:09)} 0-1